 Dungeon Sprint DCSS version 0.17.1-2-g5865329 (webtiles) character file.

130943 hexophile the Evocator (level 17, -3/174 HPs)
             Began as a Naga Fighter on Jan 26, 2016.
             Was the Champion of Makhleb.
             Slain by an electric golem (4 damage)
             ... in the Dungeon (Sprint V: "Ziggurat Sprint").
             The game lasted 00:13:25 (2095 turns).

hexophile the Evocator (Naga Fighter)               Turns: 2095, Time: 00:13:25

Health: -3/174     AC: 33    Str: 37    XL:     17   Next: 9%
Magic:  42/42      EV: 14    Int: 15    God:    Makhleb [******]
Gold:   0          SH: 35    Dex: 25    Spells: 0 memorised, 16 levels left

rFire  + + .     SeeInvis +     K - +14 obsidian axe {chop, +Fly Str+3 SInv *Curse} (curse)
rCold  + . .     Clarity  +     F - +5 gold dragon armour {rC+ rF+ rPois}
rNeg   + + .     SustAt   +     J - +18 shield of the gong {rElec rN+ MR+ EV-5}
rPois  +         Gourm    .     O - +2 hat
rElec  +         Spirit   .     u - +0 cloak "Qesuzy" {+Fly rCorr Int+3}
rCorr  +         Warding  .     L - +2 pair of gloves of Creativity {+Fly MP+9 Str+6 Stlth-}
rMut   .         NoTele   +     (no barding)
MR     +++++                    M - amulet of the Four Winds {Clar rN+ MR+++}
Stlth  ..........               N - ring "Urhyiz" {SustAt rF+ Str-3 Int+2 Dex+10}
                                z - +6 ring of strength

@: mighty, mesmerised, very slow, almost entirely resistant to hostile
enchantments, extremely unstealthy
A: see invisible, deformed body, deterioration 1, frail 1, poison resistance,
slowness 2, slow metabolism 1, spit poison 2, constrict 1, AC +5
a: Spit Poison, Minor Destruction, Lesser Servant of Makhleb, Major Destruction,
Greater Servant of Makhleb, Renounce Religion, Evoke Flight


You were in the Dungeon.
You worshipped Makhleb.
Makhleb was exalted by your worship.
You were very full.

You visited 1 branch


Innate Abilities, Weirdness & Mutations

You cannot wear boots.
Your serpentine skin is tough (AC +5).
You have supernaturally acute eyesight.
Armour fits poorly on your strangely shaped body.
Your system is resistant to poisons.
You cover ground very slowly.
You have a slow metabolism.
You can spit poison.
You can use your snake-like lower body to constrict enemies.
Your body sometimes deteriorates upon taking damage.
You are frail (-10% HP).

Inventory:

Hand Weapons
 K - the cursed +14 obsidian axe (weapon) {chop, +Fly Str+3 SInv *Curse}
   (You found it in the Dungeon)

   It inflicts extra damage upon your enemies.
   It affects your strength (+3).
   It lets you see invisible.
   It lets you fly.
   It may re-curse itself when equipped.
   It has a curse placed upon it.
Armour
 a - the +2 pair of fencer's gloves {LBl+4 SBl+4 EV+3 Dex+6}
   (You found it in the Dungeon)

   It affects your evasion (+3).
   It affects your dexterity (+6).
 u - the +0 cloak "Qesuzy" (worn) {+Fly rCorr Int+3}
   (You found it in the Dungeon)

   It affects your intelligence (+3).
   It lets you fly.
   It protects you from acid and corrosion.
 F - a +5 gold dragon armour (worn) {rC+ rF+ rPois}
 I - a +2 cloak of invisibility
 J - the +18 shield of the gong (worn) {rElec rN+ MR+ EV-5}
   (You found it in the Dungeon)

   It affects your evasion (-5).
   It insulates you from electricity.
   It protects you from negative energy.
   It affects your resistance to hostile enchantments.
 L - the +2 pair of gloves of Creativity (worn) {+Fly MP+9 Str+6 Stlth-}
   (You found it in the Dungeon)

   It affects your strength (+6).
   It affects your magic capacity (+9).
   It lets you fly.
   It makes you less stealthy.
 O - a +2 hat (worn)
Jewellery
 z - a +6 ring of strength (left hand)
 M - the amulet of the Four Winds (around neck) {Clar rN+ MR+++}
   (You found it in the Dungeon)

   [amulet of clarity]

   It provides mental clarity.
   It protects you from negative energy.
   It affects your resistance to hostile enchantments.
 N - the ring "Urhyiz" (right hand) {SustAt rF+ Str-3 Int+2 Dex+10}
   (You found it in the Dungeon)

   [ring of sustain attributes]

   It sustains your strength, intelligence and dexterity.
   It affects your strength (-3).
   It affects your intelligence (+2).
   It affects your dexterity (+10).
   It protects you from fire.
Wands
 c - a wand of disintegration (7)
 B - a wand of fire (5)
 C - a wand of cold (5)
 D - a wand of draining (5)
Scrolls
 k - 4 scrolls of blinking
 n - 2 scrolls of brand weapon
 s - 3 scrolls of recharging
 t - 4 scrolls of fog
 w - 5 scrolls of remove curse
 x - 2 scrolls of fear
 y - 5 scrolls of identify
Potions
 d - 5 potions of might {Str+5 DMG+1d10}
 e - 2 potions of brilliance {Archmagi Int+5 Wiz++}
 g - 6 potions of heal wounds
 h - 12 potions of haste
 i - 7 potions of magic
 j - 3 potions of berserk rage
 l - 2 potions of invisibility
 m - 3 potions of resistance {rF+ rC+ rPois rElec rCorr}
 o - 6 potions of agility {Stlth+ Dex+5 EV+5}
 G - 10 potions of curing
Miscellaneous
 b - a sack of spiders
 f - a fan of gales
 v - a disc of storms
 A - a lamp of fire
 H - a phial of floods
 Q - a sack of spiders
 R - a plain deck of destruction
Comestibles
 p - 42 fruits
 q - 2 meat rations
 r - 5 bread rations


You had 16 spell levels left.
You didn't know any spells.


   Skills:
 * Level 22.9 Fighting
 - Level 18.3 Axes
 * Level 16.9 Armour
 * Level 16.8 Dodging
 * Level 16.9 Shields
 * Level 24.9 Evocations

Dungeon Overview and Level Annotations

Branches:
Dungeon (1/1)

Altars:
Ashenzari
Cheibriados
Dithmenos
Elyvilon
Fedhas
Gozag
Kikubaaqudgha
Makhleb
Nemelex Xobeh
Okawaru
Qazlal
Ru
Sif Muna
Trog
Vehumet
Xom
Yredelemnul
Zin
The Shining One
Beogh
Jiyva
Lugonu

Annotations:
D ..., exclusions: rust devil and 1 more exclusion

Vault maps used:
D:        sprint_v
You       could see 4 electric golems, 6 titans, 4 storm dragons, 5 wind drakes,
          2 spriggan air magi, a red devil, 3 insubstantial wisps and 3 friendly
          air elementals.


Message History

The air twists around and strikes you!
The storm dragon breathes lightning at you.
The bolt of lightning hits the titan.
The titan completely resists.
The bolt of lightning hits you! You resist.
* * * LOW HITPOINT WARNING * * *
The electric golem hits you!
* * * LOW HITPOINT WARNING * * *
The electric golem shocks you. You resist.
* * * LOW HITPOINT WARNING * * *
You block the electric golem's attack.
SHROANNG!
The electric golem barely misses you. You block the electric golem's attack.
BONNNG!
Your air elemental completely misses the insubstantial wisp.
The titan hits you but does no damage.
The electric golem hurls lightning at you.
The bolt of lightning hits the storm dragon.
The storm dragon completely resists.
The bolt of lightning hits the titan.
The titan completely resists.
The bolt of lightning misses you. You block the titan's attack.
GONNNNG!
Your air elemental barely misses the spriggan air mage.
The insubstantial wisp barely misses your air elemental.
The wind drake flaps its wings at you. The air twists around and strikes you!
You lost 27 HP.
You have now: 8/174 HP.
Unknown command.
Unknown command.
Unknown command.
Unknown command.
You closely miss the electric golem.
The electric golem is severely damaged.
You strike the helpless titan from a blind spot!
You slice the titan!!
The titan is almost dead.
You hit the titan.
The titan is severely wounded.
You slice the titan!!
The titan is moderately wounded.
You miss the electric golem.
The electric golem is moderately damaged.
Your air elemental hits the wind drake!
Your air elemental misses the insubstantial wisp.
Your air elemental completely misses the spriggan air mage.
You block the electric golem's attack.
GONNNNG!
The electric golem hits you!
* * * LOW HITPOINT WARNING * * *
The electric golem shocks you. You resist.
You die...

Action                   |  1- 3 |  4- 6 |  7- 9 | 10-12 | 13-15 | 16-18 || total
-------------------------+-------+-------+-------+-------+-------+-------++-------
Melee: Broad axe         |    10 |       |    34 |   104 |   214 |    91 ||   453
 Abil: Spit Poison       |       |       |       |     1 |       |       ||     1
Evoke: Disc of storms    |       |       |       |     1 |       |       ||     1
       Lamp of fire      |       |       |       |       |     1 |     1 ||     2
       Phial of floods   |       |       |       |       |     1 |     1 ||     2
       Fan of gales      |       |       |       |       |     1 |     1 ||     2
  Use: Potion            |     3 |       |       |     2 |     4 |     1 ||    10
       Scroll            |       |       |       |     1 |     2 |     1 ||     4
 Stab: Distracted        |       |       |     1 |     3 |     6 |     5 ||    15
  Eat: Meat ration       |       |       |       |       |     2 |       ||     2

Notes
Turn   | Place    | Note
--------------------------------------------------------------
     0 | D        | hexophile the Naga Fighter began the quest for the Orb.
     0 | D        | Reached XP level 1. HP: 21/21 MP: 1/1
     0 | D        | Found a roughly hewn altar of Beogh.
     0 | D        | Found a corrupted altar of Lugonu.
     0 | D        | Found a viscous altar of Jiyva.
     0 | D        | Found a white marble altar of Elyvilon.
     0 | D        | Found a sparkling altar of Nemelex Xobeh.
     0 | D        | Found a burning altar of Makhleb.
     0 | D        | Found an iron altar of Okawaru.
     0 | D        | Found a deep blue altar of Sif Muna.
     0 | D        | Found a radiant altar of Vehumet.
     0 | D        | Found a bloodstained altar of Trog.
     0 | D        | Found a shimmering altar of Xom.
    36 | D        | Became a worshipper of Makhleb the Destroyer
    75 | D        | Reached skill level 5 in Fighting
    75 | D        | Reached skill level 4 in Axes
    75 | D        | Reached skill level 4 in Evocations
    75 | D        | Reached XP level 2. HP: 26/32 MP: 1/5
   133 | D        | Entered arena 1.
   133 | D        | Noticed a mummy priest
   134 | D        | --rly?
   135 | D        | Reached skill level 5 in Axes
   140 | D        | Noticed an ice devil
   146 | D        | Killed a mummy priest
   146 | D        | Reached skill level 10 in Fighting
   146 | D        | Reached skill level 10 in Axes
   146 | D        | Reached skill level 9 in Evocations
   146 | D        | Reached XP level 3. HP: 33/49 MP: 6/9
   146 | D        | Reached XP level 4. HP: 37/56 MP: 6/10
   146 | D        | Reached XP level 5. HP: 41/63 MP: 7/12
   146 | D        | Reached XP level 6. HP: 46/72 MP: 7/13
   146 | D        | Reached XP level 7. HP: 50/79 MP: 7/14
   152 | D        | Entered arena 2.
   152 | D        | Noticed a centaur
   152 | D        | Noticed a centaur
   152 | D        | Noticed a centaur
   156 | D        | Killed a centaur
   156 | D        | Reached * piety under Makhleb
   156 | D        | Reached XP level 8. HP: 65/87 MP: 8/15
   159 | D        | Killed a centaur
   159 | D        | Reached skill level 10 in Evocations
   161 | D        | Killed a centaur
   161 | D        | Reached ** piety under Makhleb
   166 | D        | Entered arena 3.
   166 | D        | Noticed a fire crab
   166 | D        | Noticed a deep elf fighter
   166 | D        | Noticed a deep elf fighter
   166 | D        | Noticed a deep elf knight
   169 | D        | Killed a deep elf fighter
   172 | D        | Killed a deep elf fighter
   172 | D        | Reached skill level 11 in Fighting
   173 | D        | Killed a deep elf knight
   173 | D        | Reached *** piety under Makhleb
   173 | D        | Reached skill level 11 in Axes
   173 | D        | Reached skill level 11 in Evocations
   173 | D        | Reached XP level 9. HP: 96/98 MP: 11/17
   174 | D        | Killed a fire crab
   174 | D        | Reached skill level 12 in Fighting
   174 | D        | Reached skill level 12 in Axes
   174 | D        | Reached skill level 12 in Evocations
   179 | D        | Entered arena 4.
   179 | D        | Noticed a necrophage
   179 | D        | Noticed a phantom
   179 | D        | Noticed a phantom
   179 | D        | Noticed a necrophage
   183 | D        | Killed a necrophage
   184 | D        | Killed a necrophage
   184 | D        | Reached **** piety under Makhleb
   185 | D        | Killed a phantom
   195 | D        | Killed a phantom
   205 | D        | Entered arena 5.
   205 | D        | Noticed a polar bear
   205 | D        | Noticed an ice beast
   210 | D        | Killed a polar bear
   210 | D        | Reached ***** piety under Makhleb
   212 | D        | Killed an ice beast
   212 | D        | Reached skill level 13 in Fighting
   216 | D        | Got the ring "Vonyopni" {-Tele rElec rC+ Str+2 Dex-3}
   220 | D        | Got the ring "Fedy" {Wiz rPois rN++ Str-5 Int+2}
   222 | D        | Entered arena 6.
   222 | D        | Noticed a wyvern
   222 | D        | Noticed a steam dragon
   222 | D        | Noticed a wyvern
   222 | D        | Noticed a wyvern
   222 | D        | Noticed a mottled dragon
   222 | D        | Noticed a wyvern
   224 | D        | Killed a wyvern
   226 | D        | Killed a wyvern
   226 | D        | Reached skill level 13 in Axes
   226 | D        | Reached XP level 10. HP: 110/110 MP: 19/19
   227 | D        | Killed a wyvern
   227 | D        | Reached skill level 13 in Evocations
   227 | D        | Killed a wyvern
   228 | D        | Killed a steam dragon
   229 | D        | Killed a mottled dragon
   229 | D        | Reached ****** piety under Makhleb
   237 | D        | Entered arena 7.
   237 | D        | Noticed a slime creature
   237 | D        | Noticed a jelly
   237 | D        | Noticed a slime creature
   237 | D        | Noticed a shining eye
   237 | D        | Gained mutation: Your body sometimes deteriorates upon taking damage. [a shining eye]
   241 | D        | Paralysed by a giant eyeball for 2 turns
   243 | D        | Killed a jelly
   244 | D        | Killed a slime creature
   244 | D        | Killed a slime creature
   244 | D        | Paralysed by a giant eyeball for 4 turns
   249 | D        | Gained mutation: You are frail (-10% HP). [a shining eye]
   250 | D        | Killed a shining eye
   261 | D        | Entered arena 8.
   261 | D        | Noticed a deep elf priest
   261 | D        | Noticed a deep elf fighter
   261 | D        | Noticed a deep elf knight
   261 | D        | Noticed a deep elf conjurer
   261 | D        | Noticed a deep elf mage
   261 | D        | Noticed a deep elf conjurer
   261 | D        | Noticed a deep elf summoner
   264 | D        | Killed a deep elf mage
   264 | D        | Reached skill level 14 in Fighting
   268 | D        | Killed a deep elf fighter
   269 | D        | Killed a deep elf conjurer
   269 | D        | Reached skill level 14 in Axes
   269 | D        | Reached skill level 14 in Evocations
   270 | D        | Killed a deep elf knight
   272 | D        | Killed a deep elf conjurer
   272 | D        | Killed a deep elf summoner
   272 | D        | Reached XP level 11. HP: 69/108 MP: 21/21
   274 | D        | Killed a deep elf priest
   276 | D        | Got the +5 short sword "Zamoidghe" {pierce, Int+5 SInv}
   287 | D        | Entered arena 9.
   287 | D        | Noticed a quasit
   287 | D        | Noticed an iron imp
   287 | D        | Noticed an iron imp
   287 | D        | Noticed a hell hound
   287 | D        | Noticed a crimson imp
   288 | D        | Noticed a quasit
   289 | D        | Killed a hell hound
   290 | D        | Killed a quasit
   293 | D        | Killed a quasit
   295 | D        | Killed an iron imp
   296 | D        | Killed an iron imp
   301 | D        | Killed a crimson imp
   394 | D        | Entered arena 10.
   394 | D        | Noticed an efreet
   394 | D        | Noticed a fire elemental
   394 | D        | Noticed a fire drake
   394 | D        | Noticed a hell hog
   394 | D        | Noticed a hell hound
   394 | D        | Noticed a fire drake
   394 | D        | Noticed a hell hog
   397 | D        | Killed a fire elemental
   397 | D        | Reached skill level 15 in Fighting
   397 | D        | Killed a hell hog
   397 | D        | Reached skill level 15 in Axes
   397 | D        | Reached skill level 15 in Evocations
   399 | D        | Killed an efreet
   400 | D        | Killed a fire drake
   400 | D        | Killed a hell hog
   400 | D        | Killed a hell hound
   402 | D        | Killed a fire drake
   415 | D        | Got the ring of Dotivvea {+Inv Str+4}
   420 | D        | Got the amulet "Raycw" {Faith MP+9 Str+4 Int+4}
   423 | D        | Entered arena 11.
   423 | D        | Noticed a griffon
   423 | D        | Noticed a sea snake
   423 | D        | Noticed a water nymph
   423 | D        | Noticed a wind drake
   423 | D        | Noticed a water nymph
   424 | D        | Noticed a sea snake
   424 | D        | Noticed a water elemental
   424 | D        | Noticed a merfolk javelineer
   427 | D        | Killed a sea snake
   429 | D        | Noticed a merfolk impaler
   429 | D        | Killed a sea snake
   431 | D        | Noticed a merfolk aquamancer
   431 | D        | Killed a wind drake
   433 | D        | Killed a water nymph
   433 | D        | Reached skill level 16 in Fighting
   434 | D        | Killed a water nymph
   434 | D        | Reached skill level 16 in Axes
   435 | D        | Killed a griffon
   435 | D        | Reached skill level 16 in Evocations
   435 | D        | Killed a water elemental
   435 | D        | Killed a merfolk aquamancer
   441 | D        | Killed a merfolk impaler
   441 | D        | Reached XP level 12. HP: 47/121 MP: 24/24
   444 | D        | Killed a merfolk javelineer
   474 | D        | Got the ring of Vaseolyrch {-Tele EV+5 Str+8 Dex+5}
   600 | D        | Entered arena 12.
   600 | D        | Noticed a vampire
   600 | D        | Noticed a vampire
   600 | D        | Noticed a vampire knight
   600 | D        | Noticed a necromancer
   601 | D        | Noticed a ghoul
   603 | D        | Noticed a wight
   603 | D        | Noticed a necromancer
   604 | D        | Killed a vampire
   608 | D        | Killed a vampire knight
   608 | D        | Reached skill level 17 in Fighting
   610 | D        | Killed a necromancer
   612 | D        | Killed a vampire
   612 | D        | Killed a necromancer
   612 | D        | Reached skill level 17 in Axes
   615 | D        | Killed a ghoul
   615 | D        | Reached skill level 17 in Evocations
   615 | D        | Killed a wight
   617 | D        | Got a ring of the Octopus King {rC+ AC+1 EV+1 Str+1 Int+1 Dex+1}
   630 | D        | Entered arena 13.
   630 | D        | Noticed a wolf
   631 | D        | Noticed a hornet
   631 | D        | Noticed an oklob plant
   631 | D        | Noticed a spriggan berserker
   631 | D        | Noticed a dire elephant
   631 | D        | Noticed a spriggan air mage
   632 | D        | Noticed an apis
   632 | D        | Noticed a shambling mangrove
   632 | D        | Noticed a shambling mangrove
   633 | D        | Killed a wolf
   634 | D        | Noticed a dire elephant
   635 | D        | Noticed a shambling mangrove
   642 | D        | Killed a spriggan berserker
   642 | D        | Killed a dire elephant
   643 | D        | Killed a spriggan air mage
   643 | D        | Reached skill level 18 in Fighting
   643 | D        | Killed a hornet
   647 | D        | Killed an apis
   650 | D        | Killed a dire elephant
   653 | D        | Killed a shambling mangrove
   653 | D        | Reached skill level 18 in Axes
   653 | D        | Reached skill level 18 in Evocations
   653 | D        | Killed a shambling mangrove
   653 | D        | Reached skill level 19 in Fighting
   659 | D        | Killed a shambling mangrove
   672 | D        | Noticed an oklob plant
   679 | D        | Killed an oklob plant
   692 | D        | Killed an oklob plant
   692 | D        | Gained mutation: You can use your snake-like lower body to constrict enemies. [Naga growth]
   692 | D        | Reached XP level 13. HP: 30/135 MP: 26/26
   693 | D        | --.........
  1017 | D        | Entered arena 14.
  1022 | D        | Noticed a manticore
  1022 | D        | Noticed a griffon
  1022 | D        | Noticed a merfolk aquamancer
  1022 | D        | Noticed a merfolk
  1022 | D        | Noticed a merfolk
  1022 | D        | Noticed a merfolk impaler
  1022 | D        | Noticed a merfolk impaler
  1022 | D        | Noticed a merfolk aquamancer
  1022 | D        | Noticed a merfolk javelineer
  1022 | D        | Noticed a merfolk javelineer
  1022 | D        | Noticed a merfolk impaler
  1022 | D        | Noticed a snapping turtle
  1023 | D        | Noticed a merfolk impaler
  1028 | D        | Killed a merfolk aquamancer
  1028 | D        | Reached skill level 1 in Dodging
  1031 | D        | Killed a merfolk
  1032 | D        | Killed a manticore
  1032 | D        | Reached skill level 3 in Armour
  1032 | D        | Reached skill level 3 in Shields
  1037 | D        | Killed a merfolk javelineer
  1037 | D        | Reached skill level 2 in Dodging
  1039 | D        | Killed a merfolk impaler
  1040 | D        | Killed a merfolk aquamancer
  1040 | D        | Reached skill level 20 in Fighting
  1040 | D        | Reached skill level 4 in Armour
  1041 | D        | Killed a snapping turtle
  1041 | D        | Reached skill level 3 in Dodging
  1041 | D        | Reached skill level 4 in Shields
  1042 | D        | Killed a merfolk impaler
  1045 | D        | Killed a griffon
  1047 | D        | Killed a merfolk impaler
  1052 | D        | Killed a merfolk impaler
  1052 | D        | Reached skill level 4 in Dodging
  1057 | D        | Killed a merfolk
  1057 | D        | Killed a merfolk javelineer
  1057 | D        | Reached skill level 5 in Armour
  1057 | D        | Reached skill level 5 in Shields
  1112 | D        | Entered arena 15.
  1204 | D        | Noticed a crocodile
  1204 | D        | Noticed a hippogriff
  1204 | D        | Noticed a water moccasin
  1204 | D        | Noticed an iguana
  1204 | D        | Noticed a water moccasin
  1205 | D        | Noticed a komodo dragon
  1205 | D        | Noticed a water moccasin
  1205 | D        | Noticed a crocodile
  1205 | D        | Noticed a crocodile
  1205 | D        | Noticed a yak
  1205 | D        | Noticed a water moccasin
  1205 | D        | Noticed a blink frog
  1206 | D        | Noticed a five-headed hydra
  1206 | D        | Noticed a water moccasin
  1208 | D        | Killed a water moccasin
  1209 | D        | Killed a crocodile
  1211 | D        | Killed an iguana
  1211 | D        | Killed a hippogriff
  1212 | D        | Killed a water moccasin
  1212 | D        | Killed a water moccasin
  1213 | D        | Killed a yak
  1213 | D        | Killed a komodo dragon
  1214 | D        | Killed a water moccasin
  1214 | D        | Killed a crocodile
  1214 | D        | Reached skill level 19 in Evocations
  1215 | D        | Killed a crocodile
  1216 | D        | Killed a water moccasin
  1220 | D        | Killed a nine-headed hydra
  1220 | D        | Reached skill level 5 in Dodging
  1225 | D        | Killed a blink frog
  1241 | D        | Entered arena 16.
  1251 | D        | Noticed a ghoul
  1251 | D        | Noticed a soul eater
  1252 | D        | Noticed a ghoul
  1252 | D        | Noticed a ghoul
  1254 | D        | Noticed a soul eater
  1255 | D        | Noticed a soul eater
  1255 | D        | Noticed a soul eater
  1259 | D        | Killed a soul eater
  1262 | D        | Killed a ghoul
  1262 | D        | Reached skill level 6 in Armour
  1262 | D        | Reached skill level 6 in Shields
  1264 | D        | Killed a ghoul
  1264 | D        | Reached skill level 6 in Dodging
  1266 | D        | Killed a soul eater
  1268 | D        | Killed a ghoul
  1268 | D        | Reached skill level 7 in Armour
  1268 | D        | Reached skill level 7 in Shields
  1272 | D        | Killed a soul eater
  1272 | D        | Killed a soul eater
  1283 | D        | Got the +2 pair of gloves of Creativity {+Fly MP+9 Str+6 Stlth-}
  1305 | D        | Got the +2 ring mail of Mental Paralysis {MR++ Str-4 SInv Stlth+}
  1309 | D        | Got the +2 quarterstaff of the Pits of Slime {antimagic, Str+3 SInv Stlth+}
  1311 | D        | Entered arena 17.
  1311 | D        | Noticed a vampire knight
  1311 | D        | Noticed a wight
  1311 | D        | Noticed a wight
  1313 | D        | Noticed a necromancer
  1313 | D        | Noticed a skeletal warrior
  1313 | D        | Killed a wight
  1314 | D        | Noticed a necromancer
  1314 | D        | Killed a wight
  1315 | D        | Noticed a skeletal warrior
  1319 | D        | Noticed a necromancer
  1319 | D        | Noticed a vampire knight
  1320 | D        | Killed a vampire knight
  1320 | D        | Reached skill level 7 in Dodging
  1321 | D        | Noticed a shadow
  1322 | D        | Noticed a shadow
  1323 | D        | Killed a skeletal warrior
  1323 | D        | Reached XP level 14. HP: 141/146 MP: 27/27
  1324 | D        | Noticed a vampire knight
  1324 | D        | Noticed a vampire mage
  1325 | D        | Killed a necromancer
  1327 | D        | Killed a skeletal warrior
  1328 | D        | Killed a necromancer
  1329 | D        | Killed a shadow
  1331 | D        | Killed a shadow
  1331 | D        | Reached skill level 8 in Armour
  1331 | D        | Reached skill level 8 in Shields
  1335 | D        | Killed a necromancer
  1336 | D        | Killed a vampire knight
  1337 | D        | Killed a vampire mage
  1339 | D        | Killed a vampire knight
  1339 | D        | Reached skill level 8 in Dodging
  1339 | D        | Reached skill level 20 in Evocations
  1349 | D        | Entered arena 18.
  1363 | D        | Noticed an orange demon
  1363 | D        | Noticed Kyteah the pandemonium lord
  1363 | D        | Noticed Xosell the pandemonium lord
  1363 | D        | Noticed a ynoxinul
  1363 | D        | Noticed an ice devil
  1363 | D        | Noticed a hellwing
  1364 | D        | Noticed a hellwing
  1364 | D        | Noticed a Brimstone Fiend
  1364 | D        | Noticed a red devil
  1364 | D        | Noticed a monstrous black sun
  1364 | D        | --fuck.
  1365 | D        | Noticed a torturous demonspawn
  1365 | D        | Noticed a hellwing
  1365 | D        | Noticed a sun demon
  1367 | D        | Noticed a sixfirhy
  1367 | D        | Noticed a smoke demon
  1372 | D        | Noticed a sixfirhy
  1374 | D        | Noticed a hell beast
  1374 | D        | Killed Kyteah the pandemonium lord
  1374 | D        | Reached skill level 9 in Armour
  1374 | D        | Reached skill level 9 in Dodging
  1374 | D        | Reached skill level 9 in Shields
  1376 | D        | Noticed a green death
  1379 | D        | Noticed a balrug
  1379 | D        | Killed an ice devil
  1381 | D        | Killed Xosell the pandemonium lord
  1381 | D        | Reached skill level 10 in Armour
  1381 | D        | Reached skill level 10 in Dodging
  1381 | D        | Reached skill level 10 in Shields
  1383 | D        | Noticed a sixfirhy
  1384 | D        | Killed a Brimstone Fiend
  1384 | D        | Reached skill level 21 in Evocations
  1385 | D        | Killed a hellwing
  1385 | D        | Reached skill level 11 in Shields
  1385 | D        | Killed a sixfirhy
  1385 | D        | Reached skill level 11 in Armour
  1386 | D        | Killed a monstrous black sun
  1388 | D        | Killed a sun demon
  1388 | D        | Reached skill level 11 in Dodging
  1390 | D        | Killed a torturous demonspawn
  1392 | D        | Noticed an eldritch tentacle
  1392 | D        | Killed a hellwing
  1395 | D        | Killed a sixfirhy
  1397 | D        | Killed a hell beast
  1397 | D        | Reached XP level 15. HP: 151/153 MP: 29/29
  1399 | D        | Noticed Odwyjigi the pandemonium lord
  1402 | D        | Killed a hellwing
  1402 | D        | Killed an orange demon
  1404 | D        | Killed a sixfirhy
  1405 | D        | Noticed an Ice Fiend
  1406 | D        | Killed a green death
  1407 | D        | Killed a red devil
  1408 | D        | Killed a ynoxinul
  1408 | D        | Killed a smoke demon
  1413 | D        | Killed Odwyjigi the pandemonium lord
  1418 | D        | Killed an eldritch tentacle
  1424 | D        | Got the ring "Hehojy" {Fire Int+10 Dex-4}
  1440 | D        | Got the ring of the Scarab {rN+ Dex+3}
  1476 | D        | Entered arena 19.
  1486 | D        | Noticed an ice beast
  1486 | D        | Noticed a blizzard demon
  1486 | D        | Noticed a freezing wraith
  1486 | D        | Noticed a blizzard demon
  1487 | D        | Noticed a blizzard demon
  1487 | D        | Noticed a frost giant
  1487 | D        | Noticed a blizzard demon
  1487 | D        | Noticed a freezing wraith
  1487 | D        | Noticed a freezing wraith
  1487 | D        | Noticed a polar bear
  1488 | D        | Noticed a freezing wraith
  1488 | D        | Noticed an ice dragon
  1489 | D        | Noticed a freezing wraith
  1490 | D        | Noticed a blizzard demon
  1491 | D        | Noticed an ice beast
  1491 | D        | Killed an ice beast
  1491 | D        | Reached skill level 12 in Armour
  1493 | D        | Killed a freezing wraith
  1493 | D        | Reached skill level 12 in Shields
  1494 | D        | Noticed a frost giant
  1495 | D        | Killed a blizzard demon
  1496 | D        | Killed a polar bear
  1498 | D        | Killed a freezing wraith
  1500 | D        | Killed a freezing wraith
  1504 | D        | Killed a blizzard demon
  1504 | D        | Reached skill level 12 in Dodging
  1505 | D        | Killed a freezing wraith
  1506 | D        | Killed an ice dragon
  1506 | D        | Killed an ice beast
  1509 | D        | Killed a freezing wraith
  1509 | D        | Killed a blizzard demon
  1510 | D        | Killed a blizzard demon
  1510 | D        | Killed a blizzard demon
  1512 | D        | Killed a frost giant
  1512 | D        | Reached skill level 22 in Evocations
  1514 | D        | Killed a frost giant
  1529 | D        | Got the ring "Urhyiz" {SustAt rF+ Str-3 Int+2 Dex+10}
  1558 | D        | Entered arena 20.
  1566 | D        | Noticed a fire crab
  1566 | D        | Noticed a juggernaut
  1566 | D        | Noticed a glowing shapeshifter
  1567 | D        | Noticed a snapping turtle
  1567 | D        | Noticed a shock serpent
  1567 | D        | Noticed a faun
  1567 | D        | Noticed a shard shrike
  1567 | D        | Noticed a titan
  1567 | D        | Noticed a komodo dragon
  1567 | D        | Noticed a basilisk
  1567 | D        | Noticed a boulder beetle
  1567 | D        | Noticed a shining eye
  1567 | D        | Noticed a giant orange brain
  1567 | D        | a komodo dragon changed into a trapdoor spider
  1567 | D        | Noticed a titan
  1567 | D        | a shard shrike changed into a titan
  1567 | D        | Noticed a caustic shrike
  1567 | D        | a titan changed into a caustic shrike
  1567 | D        | Noticed a shard shrike
  1567 | D        | a glowing shapeshifter changed into a shard shrike
  1568 | D        | Noticed a shining eye
  1568 | D        | Noticed a manticore
  1568 | D        | a snapping turtle changed into a lindwurm
  1568 | D        | a boulder beetle changed into an octopode
  1568 | D        | a shock serpent changed into a slime creature
  1568 | D        | a fire crab changed into a spiny frog
  1568 | D        | Killed a basilisk
  1569 | D        | a manticore changed into a giant orange brain
  1569 | D        | a faun changed into a slime creature
  1569 | D        | a giant orange brain changed into a deep troll
  1569 | D        | Noticed a juggernaut
  1569 | D        | a shard shrike changed into a juggernaut
  1570 | D        | Noticed a shard shrike
  1570 | D        | Noticed a titan
  1570 | D        | Noticed a titan
  1570 | D        | a shard shrike changed into a titan
  1570 | D        | Noticed a golden dragon
  1570 | D        | an iron dragon changed into a golden dragon
  1570 | D        | a shining eye changed into a ghost crab
  1570 | D        | Noticed a juggernaut
  1570 | D        | a titan changed into a juggernaut
  1570 | D        | Noticed a golden dragon
  1570 | D        | a caustic shrike changed into a golden dragon
  1570 | D        | Noticed a fire giant
  1570 | D        | a juggernaut changed into a fire giant
  1571 | D        | Noticed a komodo dragon
  1571 | D        | a shining eye changed into a slime creature
  1571 | D        | Noticed a shadow dragon
  1571 | D        | a golden dragon changed into a shadow dragon
  1571 | D        | Noticed a shard shrike
  1571 | D        | a titan changed into a shard shrike
  1571 | D        | Noticed a frost giant
  1571 | D        | a fire giant changed into a frost giant
  1572 | D        | Noticed a titan
  1572 | D        | Noticed a caustic shrike
  1572 | D        | a titan changed into a caustic shrike
  1572 | D        | Noticed an acid blob
  1572 | D        | an iron dragon changed into an acid blob
  1572 | D        | Noticed a titan
  1572 | D        | a juggernaut changed into a titan
  1573 | D        | Noticed a titan
  1573 | D        | a juggernaut changed into a titan
  1573 | D        | Noticed a sphinx
  1573 | D        | a shadow dragon changed into a sphinx
  1574 | D        | Noticed a golden dragon
  1574 | D        | a caustic shrike changed into a golden dragon
  1574 | D        | Noticed a golden dragon
  1574 | D        | an acid blob changed into a golden dragon
  1574 | D        | Noticed a juggernaut
  1574 | D        | a shard shrike changed into a juggernaut
  1574 | D        | a frost giant changed into a dire elephant
  1575 | D        | a komodo dragon changed into a spriggan
  1575 | D        | Noticed a shard shrike
  1575 | D        | a titan changed into a shard shrike
  1577 | D        | Noticed a shard shrike
  1577 | D        | a titan changed into a shard shrike
  1577 | D        | Noticed a caustic shrike
  1577 | D        | a golden dragon changed into a caustic shrike
  1577 | D        | Noticed a titan
  1577 | D        | a shard shrike changed into a titan
  1578 | D        | Noticed a shadow dragon
  1578 | D        | a golden dragon changed into a shadow dragon
  1578 | D        | a golden dragon changed into an iron troll
  1580 | D        | a titan changed into an iron dragon
  1580 | D        | Noticed a titan
  1580 | D        | a juggernaut changed into a titan
  1581 | D        | Noticed a shadow dragon
  1581 | D        | a caustic shrike changed into a shadow dragon
  1581 | D        | Noticed a juggernaut
  1581 | D        | a titan changed into a juggernaut
  1583 | D        | Noticed a quicksilver dragon
  1583 | D        | a shadow dragon changed into a quicksilver dragon
  1583 | D        | a titan changed into an iron dragon
  1584 | D        | Noticed a titan
  1584 | D        | a shard shrike changed into a titan
  1584 | D        | Noticed a titan
  1584 | D        | a juggernaut changed into a titan
  1585 | D        | a quicksilver dragon changed into an alligator snapping turtle
  1585 | D        | Noticed a juggernaut
  1585 | D        | a titan changed into a juggernaut
  1587 | D        | Noticed an azure jelly
  1587 | D        | an iron troll changed into an azure jelly
  1587 | D        | Noticed a quicksilver dragon
  1587 | D        | a sphinx changed into a quicksilver dragon
  1587 | D        | Noticed a caustic shrike
  1587 | D        | a juggernaut changed into a caustic shrike
  1588 | D        | Reached skill level 13 in Armour
  1588 | D        | Noticed a caustic shrike
  1588 | D        | an iron dragon changed into a caustic shrike
  1590 | D        | Noticed a fire giant
  1590 | D        | a caustic shrike changed into a fire giant
  1590 | D        | Noticed a sphinx
  1590 | D        | a quicksilver dragon changed into a sphinx
  1591 | D        | Killed a titan
  1591 | D        | Reached skill level 13 in Shields
  1591 | D        | an azure jelly changed into an emperor scorpion
  1591 | D        | a fire giant changed into a dire elephant
  1593 | D        | Killed a sphinx
  1593 | D        | Reached skill level 13 in Dodging
  1593 | D        | Noticed a frost giant
  1593 | D        | a dire elephant changed into a frost giant
  1594 | D        | Noticed a shadow dragon
  1594 | D        | an emperor scorpion changed into a shadow dragon
  1595 | D        | Noticed a fire giant
  1595 | D        | a shadow dragon changed into a fire giant
  1596 | D        | Killed a shadow dragon
  1597 | D        | Killed a caustic shrike
  1597 | D        | Noticed a frost giant
  1597 | D        | a fire giant changed into a frost giant
  1597 | D        | Noticed a golden dragon
  1597 | D        | an iron dragon changed into a golden dragon
  1598 | D        | a frost giant changed into an emperor scorpion
  1598 | D        | Noticed a caustic shrike
  1598 | D        | a golden dragon changed into a caustic shrike
  1599 | D        | Noticed a golden dragon
  1599 | D        | a caustic shrike changed into a golden dragon
  1600 | D        | a frost giant changed into a stone giant
  1601 | D        | Noticed a fire giant
  1601 | D        | a stone giant changed into a fire giant
  1602 | D        | Noticed a sphinx
  1602 | D        | a fire giant changed into a sphinx
  1602 | D        | Noticed a shadow dragon
  1602 | D        | a golden dragon changed into a shadow dragon
  1604 | D        | Killed a sphinx
  1607 | D        | Noticed a shadow dragon
  1607 | D        | a stone giant changed into a shadow dragon
  1608 | D        | Reached skill level 14 in Armour
  1608 | D        | Reached skill level 14 in Shields
  1612 | D        | a shadow dragon changed into an iron dragon
  1613 | D        | Noticed a sphinx
  1613 | D        | a shadow dragon changed into a sphinx
  1614 | D        | a sphinx changed into an iron troll
  1621 | D        | Reached skill level 14 in Dodging
  1621 | D        | Reached skill level 23 in Evocations
  1642 | D        | Got the amulet of Yqesch Iskou {rCorr rF+ Int+4}
  1644 | D        | Identified the Disquisition on Curses
  1653 | D        | Entered arena 21.
  1661 | D        | Noticed a warg
  1662 | D        | Noticed an orc warlord
  1663 | D        | Noticed an orc high priest
  1663 | D        | Noticed a stone giant
  1663 | D        | Noticed an orc warrior
  1663 | D        | Noticed an orc warlord
  1665 | D        | Noticed an orc priest
  1666 | D        | Noticed an orc warlord
  1666 | D        | Killed a warg
  1667 | D        | Noticed a moth of wrath
  1668 | D        | Noticed an orc warrior
  1669 | D        | Noticed an orc warlord
  1669 | D        | Noticed an orc knight
  1670 | D        | Killed an orc warlord
  1671 | D        | Noticed a stone giant
  1671 | D        | Killed an orc warrior
  1671 | D        | Reached XP level 16. HP: 162/162 MP: 31/31
  1675 | D        | Killed an orc priest
  1676 | D        | Killed an orc warlord
  1678 | D        | Killed an orc warrior
  1679 | D        | Killed an orc warlord
  1682 | D        | Killed a moth of wrath
  1686 | D        | Killed a stone giant
  1689 | D        | Killed an orc knight
  1693 | D        | Killed an orc warlord
  1693 | D        | Killed a stone giant
  1694 | D        | Killed an orc high priest
  1712 | D        | Entered arena 22.
  1933 | D        | Noticed a rust devil
  1933 | D        | Noticed an efreet
  1933 | D        | Noticed a blue devil
  1933 | D        | Noticed an iron imp
  1933 | D        | Noticed an iron imp
  1934 | D        | Noticed a wraith
  1934 | D        | Noticed a skeletal warrior
  1934 | D        | Noticed a lich
  1934 | D        | Noticed a freezing wraith
  1934 | D        | Noticed a reaper
  1934 | D        | Noticed a rust devil
  1935 | D        | Noticed a tormentor
  1935 | D        | Noticed a tormentor
  1935 | D        | Noticed a hellion
  1935 | D        | Noticed an iron imp
  1935 | D        | Noticed a hellion
  1935 | D        | Noticed a hellion
  1935 | D        | Noticed a tormentor
  1936 | D        | Noticed a skeletal warrior
  1936 | D        | Noticed a hellion
  1937 | D        | Noticed a tormentor
  1937 | D        | Noticed a reaper
  1937 | D        | Killed a tormentor
  1937 | D        | Killed an iron imp
  1937 | D        | Killed an iron imp
  1937 | D        | Killed a freezing wraith
  1937 | D        | Killed a tormentor
  1937 | D        | Killed a hellion
  1937 | D        | Killed an iron imp
  1937 | D        | Killed a tormentor
  1938 | D        | Noticed a flying skull
  1938 | D        | Noticed a rust devil
  1938 | D        | Killed a lich
  1938 | D        | Reached skill level 15 in Armour
  1938 | D        | Reached skill level 15 in Shields
  1939 | D        | Killed a rust devil
  1940 | D        | Noticed an ice devil
  1940 | D        | Killed a rust devil
  1940 | D        | Reached skill level 15 in Dodging
  1940 | D        | Killed a blue devil
  1941 | D        | Killed a skeletal warrior
  1941 | D        | Killed a wraith
  1942 | D        | Noticed a rust devil
  1942 | D        | Killed a hellion
  1943 | D        | Killed a hellion
  1945 | D        | Noticed an iron imp
  1945 | D        | Killed an efreet
  1946 | D        | Killed a tormentor
  1946 | D        | Killed a hellion
  1947 | D        | Killed a reaper
  1949 | D        | Killed a skeletal warrior
  1950 | D        | Killed a rust devil
  1950 | D        | Killed a flying skull
  1953 | D        | Killed an ice devil
  1956 | D        | Killed a rust devil
  1957 | D        | Killed an iron imp
  1960 | D        | Killed a reaper
  1967 | D        | Got the ring of Ylozuly {-Tele +Fly rF+ SInv}
  1979 | D        | Entered arena 23.
  1990 | D        | Noticed an ogre
  1991 | D        | Noticed an orc warlord
  1991 | D        | Noticed a stone giant
  1991 | D        | Noticed a stone giant
  1991 | D        | Noticed an orc warrior
  1991 | D        | Noticed an orc warlord
  1991 | D        | Noticed an orc high priest
  1991 | D        | Noticed an orc warlord
  1991 | D        | Noticed a stone giant
  1991 | D        | Noticed an orc warrior
  1992 | D        | Noticed an orc warlord
  1993 | D        | Noticed an orc warrior
  1993 | D        | Noticed an orc knight
  1993 | D        | Killed an ogre
  1993 | D        | Reached skill level 24 in Evocations
  1994 | D        | Noticed an orc sorcerer
  1995 | D        | Noticed an orc knight
  1995 | D        | Noticed an orc warlord
  1997 | D        | Noticed an ogre
  1998 | D        | Noticed an ogre
  1998 | D        | Noticed an orc warrior
  1999 | D        | Killed an orc warlord
  2000 | D        | Killed an orc warrior
  2001 | D        | Noticed an orc warrior
  2001 | D        | Killed an orc high priest
  2002 | D        | Killed a stone giant
  2005 | D        | Killed an orc warlord
  2005 | D        | Reached skill level 21 in Fighting
  2007 | D        | Killed a stone giant
  2008 | D        | Killed an orc warlord
  2011 | D        | Killed an orc warrior
  2011 | D        | Killed a stone giant
  2013 | D        | Killed an orc warrior
  2013 | D        | Reached skill level 16 in Armour
  2014 | D        | Killed an orc warrior
  2016 | D        | Killed an orc knight
  2016 | D        | Reached skill level 16 in Shields
  2016 | D        | Killed an orc sorcerer
  2017 | D        | Killed an orc warlord
  2017 | D        | Reached skill level 16 in Dodging
  2019 | D        | Killed an orc knight
  2020 | D        | Killed an orc warrior
  2021 | D        | Killed an ogre
  2022 | D        | Killed an ogre
  2028 | D        | Killed an orc warlord
  2034 | D        | Got the +0 cloak "Qesuzy" {+Fly rCorr Int+3}
  2058 | D        | Entered arena 24.
  2072 | D        | Noticed an air elemental
  2072 | D        | Noticed an air elemental
  2072 | D        | Noticed a titan
  2072 | D        | Noticed an electric golem
  2072 | D        | Noticed a wind drake
  2072 | D        | Noticed an electric golem
  2072 | D        | Noticed a spriggan air mage
  2073 | D        | Noticed an electric golem
  2073 | D        | Noticed a titan
  2073 | D        | Noticed an air elemental
  2073 | D        | Noticed a spriggan air mage
  2073 | D        | Noticed an insubstantial wisp
  2073 | D        | Noticed a wind drake
  2073 | D        | Noticed a spriggan air mage
  2073 | D        | Noticed a storm dragon
  2073 | D        | Noticed a spriggan air mage
  2073 | D        | Noticed an insubstantial wisp
  2073 | D        | Noticed a titan
  2073 | D        | Noticed a titan
  2073 | D        | Noticed an insubstantial wisp
  2073 | D        | Noticed an insubstantial wisp
  2074 | D        | Noticed an air elemental
  2074 | D        | Noticed an electric golem
  2074 | D        | Noticed a titan
  2074 | D        | Noticed an air elemental
  2075 | D        | Noticed a spriggan air mage
  2075 | D        | Noticed a storm dragon
  2075 | D        | Killed an air elemental
  2075 | D        | Killed an air elemental
  2076 | D        | Killed an air elemental
  2077 | D        | Noticed an electric golem
  2077 | D        | Noticed a spriggan air mage
  2077 | D        | Killed an air elemental
  2078 | D        | Noticed an air elemental
  2078 | D        | Killed an air elemental
  2079 | D        | Noticed a wind drake
  2079 | D        | Noticed a storm dragon
  2080 | D        | Noticed an air elemental
  2080 | D        | Noticed an air elemental
  2080 | D        | Noticed a wind drake
  2081 | D        | Noticed a wind drake
  2081 | D        | Noticed a titan
  2081 | D        | Noticed a storm dragon
  2081 | D        | Killed a storm dragon
  2081 | D        | Killed a wind drake
  2081 | D        | Killed an insubstantial wisp
  2081 | D        | Reached skill level 22 in Fighting
  2082 | D        | Noticed a storm dragon
  2082 | D        | Noticed a wind drake
  2082 | D        | Noticed a storm dragon
  2083 | D        | Noticed a wind drake
  2083 | D        | Noticed a titan
  2083 | D        | Noticed an electric golem
  2083 | D        | Killed a spriggan air mage
  2084 | D        | Noticed a titan
  2084 | D        | Killed an air elemental
  2084 | D        | Killed a wind drake
  2085 | D        | Killed an air elemental
  2085 | D        | Killed a spriggan air mage
  2085 | D        | Killed a spriggan air mage
  2085 | D        | Killed an electric golem
  2087 | D        | Killed an air elemental
  2090 | D        | Killed a titan
  2090 | D        | Reached XP level 17. HP: 45/174 MP: 33/33
  2090 | D        | HP: 7/174 [titan/the air (22)]
  2091 | D        | Killed a spriggan air mage
  2092 | D        | Killed a titan
  2093 | D        | Killed a storm dragon
  2095 | D        | HP: 1/174 [electric golem (8)]
  2095 | D        | Slain by an electric golem

Table legend:
 A = Turns spent in this place as a percentage of turns spent in the entire game.
 B = Non-inter-level travel turns spent in this place as a percentage of non-inter-level travel turns spent in the entire game.
 C = Inter-level travel turns spent in this place as a percentage of turns spent in this place.
 D = Turns resting spent in this place as a percentage of non-inter-level travel turns spent in this place.
 E = Turns spent auto-exploring this place as a percentage of non-inter-level travel turns spent in this place.
 F = Non-inter-level travel turns spent in this place divided by the number of levels of this place that you've seen.
                   A       B       C       D       E      F
               +-------+-------+-------+-------+-------+----------------------
         Total | 100.0 | 100.0 |   0.0 |   1.9 |   0.0 | 1651.0
       Dungeon | 100.0 | 100.0 |   0.0 |   1.9 |   0.0 | 1651.0
               +-------+-------+-------+-------+-------+----------------------

Table legend:
 A = Kills in this place as a percentage of kills in entire the game.
 B = Kills by you in this place as a percentage of kills by you in the entire game.
 C = Kills by friends in this place as a percentage of kills by friends in the entire game.
 D = Other kills in this place as a percentage of other kills in the entire game.
 E = Experience gained in this place as a percentage of experience gained in the entire game.
 F = Experience gained in this place divided by the number of levels of this place that you have seen.
                   A       B       C       D       E      F
               +-------+-------+-------+-------+-------+----------------------
         Total | 100.0 | 100.0 | 100.0 | 100.0 | 100.0 | 187052.0
       Dungeon | 100.0 | 100.0 | 100.0 | 100.0 | 100.0 | 187052.0
               +-------+-------+-------+-------+-------+----------------------

Vanquished Creatures
  3 pandemonium lords (D)
  A caustic shrike (shapeshifter) (D)
  A Brimstone Fiend (D)
  A lich (D)
  A titan (shapeshifter) (D)
  2 titans (D)
  A sphinx (shapeshifter) (D)
  An eldritch tentacle (D)
  A shadow dragon (shapeshifter) (D)
  2 storm dragons (D)
  A ghost moth (shapeshifter) (D)
  A black sun (D)
  An emperor scorpion (shapeshifter) (D)
  8 orc warlords (D)
  A reaper (D)
  3 ghouls (D)
  4 vampire knights (D)
  4 stone giants (D)
  A dire elephant (shapeshifter) (D)
  An apis (D)
  2 dire elephants (D)
  4 blizzard demons (D)
  A mummy priest (D)
  2 merfolk javelineers (D)
  4 merfolk impalers (D)
  A hydra (D)
  An ice dragon (D)
  A hell beast (D)
  3 merfolk aquamancers (D)
  An alligator snapping turtle (shapeshifter) (D)
  2 orc high priests (D)
  5 spriggan air magi (D)
  A vampire mage (D)
  An anaconda (shapeshifter) (D)
  A spriggan berserker (D)
  4 soul eaters (D)
  2 hell hogs (D)
  A deep elf knight (D)
  A sun demon (D)
  A fire crab (shapeshifter) (D)
  2 ice devils (D)
  4 skeletal warriors (D)
  A deep elf summoner (D)
  3 shambling mangroves (D)
  3 orc knights (D)
  2 sea snakes (D)
  5 necromancers (D)
  A death drake (shapeshifter) (D)
  A torturous demonspawn (D)
  A shining eye (D)
  A hornet (shapeshifter) (D)
  2 griffons (D)
  A manticore (D)
  A mana viper (shapeshifter) (D)
  2 oklob plants (D)
  2 deep elf conjurers (D)
  An orc sorcerer (D)
  A water nymph (shapeshifter) (D)
  A hornet (D)
  3 sixfirhies (D)
  2 water nymphs (D)
  4 rust devils (D)
  A moth of wrath (D)
  A guardian serpent (shapeshifter) (D)
  A smoke demon (D)
  An orange demon (D)
  A komodo dragon (D)
  4 hellions (D)
  3 hellwings (D)
  2 efreet (D)
  A komodo dragon (shapeshifter) (D)
  A deep elf priest (D)
  6 freezing wraiths (D)
  2 fire drakes (D)
  4 tormentors (D)
  A fire drake (shapeshifter) (D)
  A red devil (D)
  2 polar bears (D)
  A blue devil (D)
  A merfolk (D)
  A blink frog (D)
  3 wind drakes (D)
  2 slime creatures (D)
  A snapping turtle (D)
  2 shadows (D)
  A flying skull (D)
  8 air elementals (D)
  2 vampires (D)
  A wraith (D)
  A fire elemental (D)
  A deep elf mage (D)
  A water elemental (D)
  A yak (D)
  4 wyverns (D)
  A ynoxinul (D)
  A basilisk (shapeshifter) (D)
  2 hell hounds (D)
  A hippogriff (D)
  An insubstantial wisp (D)
  3 deep elf fighters (D)
  5 water moccasins (D)
  A wolf (D)
  7 orc warriors (D)
  2 phantoms (D)
  A warg (D)
  An eye of draining (shapeshifter) (D)
  2 ogres (D)
  3 ice beasts (D)
  3 centaurs (D)
  2 necrophages (D)
  2 wasps (D)
  3 crocodiles (D)
  2 quasits (D)
  2 wights (D)
  6 iron imps (D)
  A jelly (D)
  An orc priest (D)
  A crimson imp (D)
  An iguana (D)
  A hound (shapeshifter) (D)
  2 mummies (D)
  3 white imps (D)
  A giant eyeball (D)
  An ooze (D)
  3 adder zombies (D)
  2 adder skeletons (D)
  31 orcs (D)
  3 bat skeletons (D)
  7 bat zombies (D)
  3 bat simulacra (D)
  A giant cockroach simulacrum (D)
  2 giant cockroach zombies (D)
  3 giant gecko zombies (D)
  A jackal zombie (D)
  A quokka simulacrum (D)
  A spectral giant gecko (D)
  2 spectral quokkas (D)
  A fire vortex (D)
309 creatures vanquished.

Vanquished Creatures (collateral kills)
  An electric golem (D)
  A sphinx (shapeshifter) (D)
  An orc warlord (D)
  An iron dragon (shapeshifter) (D)
  2 frost giants (D)
  A reaper (D)
  A ghoul (D)
  A stone giant (D)
  A merfolk javelineer (D)
  A green death (D)
  A blizzard demon (D)
  A merfolk impaler (D)
  A deep elf knight (D)
  A faun (shapeshifter) (D)
  A moth of wrath (shapeshifter) (D)
  A merfolk (D)
  A steam dragon (D)
  A mottled dragon (D)
  An ogre (D)
  A wasp (D)
  A wight (D)
  A white imp (D)
  4 orcs (D)
27 creatures vanquished.

Vanquished Creatures (others)
  A great orb of eyes (shapeshifter) (D)
  A trapdoor spider (shapeshifter) (D)
  96 eldritch tentacle segments (D)
  A fire vortex (D)
99 creatures vanquished.

Grand Total: 435 creatures vanquished
